 Dungeon Crawl Stone Soup version 0.21.1-1-g345015f (webtiles) character file.

113120 t7DKbSm the Severer (level 16, -11/149 HPs)
             Began as a Minotaur Berserker on May 24, 2018.
             Was an Elder of Trog.
             Killed from afar by a storm dragon (26 damage)
             ... with a bolt of lightning
             ... on level 2 of the Depths on May 25, 2018.
             The game lasted 02:56:31 (22378 turns).

t7DKbSm the Severer (Minotaur Berserker)           Turns: 22378, Time: 02:56:32

Health: -11/149    AC: 27    Str: 30    XL:     16   Next: 13%
Magic:  0/24       EV: 16    Int:  9    God:    Trog [****..]
Gold:   268        SH: 17    Dex: 17    Spells: 15/15 levels left

rFire    + + .     SeeInvis .   a - +5 broad axe (protect)
rCold    . . .     Gourm    .   V - +2 shield {rF+}
rNeg     . . .     Faith    .   U - +4 scale mail {rF+}
rPois    +         Spirit   +   (helmet restricted)
rElec    .         Reflect  .   Q - +1 cloak {rPois}
rCorr    .         Harm     .   Y - +1 pair of gloves {Dex+3}
MR       ++...                  R - +2 pair of boots "Exig" {MP+9 Str+4 Int+4}
Stlth    +.........             y - amulet of guardian spirit
HPRegen  0.34/turn              r - +3 ring of protection
MPRegen  0.19/turn              N - ring of protection from magic

@: berserk cooldown, slowed, very slow
A: retaliatory headbutt, hooves 1, horns 2, thin metallic scales 1, agile 1,
blurry vision 1, poison resistance
a: Berserk, Trog's Hand, Brothers in Arms, Burn Spellbooks, Renounce Religion


You were on level 2 of the Depths.
You worshipped Trog.
Trog was greatly pleased with you.
You were not hungry.

You visited 4 branches of the dungeon, and saw 20 of its levels.
You visited 1 bazaar.

You collected 2443 gold pieces.
You spent 2175 gold pieces at shops.

Inventory:

Hand Weapons
 a - a +5 broad axe of protection (weapon)
 b - a +2 vampiric whip
 u - a +1 war axe of flaming
 v - a +2 hand axe of draining
 A - a +0 broad axe of chopping
 E - a +0 flail of holy wrath
 J - a +0 morningstar of crushing
 P - a +2 whip of freezing
Armour
 p - a +1 chain mail of fire resistance
 C - +0 ice dragon scales
 Q - a +1 cloak of poison resistance (worn)
 R - the +2 pair of boots "Exig" (worn) {MP+9 Str+4 Int+4}
   (You bought it in a shop in a bazaar)

   It affects your strength (+4).
   It affects your intelligence (+4).
   It affects your magic capacity (+9).
 S - a +0 plate armour of magic resistance
 U - a +4 scale mail of fire resistance (worn)
 V - a +2 shield of fire resistance (worn)
 Y - a +1 pair of gloves of dexterity (worn)
 Z - a +2 plate armour of poison resistance
Jewellery
 f - a +1 ring of evasion
 l - a +4 ring of dexterity
 q - the amulet of Nealaeps {Faith rPois rC+ Str-5 SInv}
   (You found it on level 1 of the Depths)

   [amulet of faith]

   It allows you to gain divine favour quickly.
   It affects your strength (-5).
   It protects you from cold.
   It protects you from poison.
   It lets you see invisible.
 r - a +3 ring of protection (left hand)
 y - an amulet of guardian spirit (around neck)
 B - an uncursed ring of fire
 F - an uncursed amulet of harm
 L - an uncursed ring of fire
 N - a ring of protection from magic (right hand)
 O - an uncursed ring of stealth
Wands
 g - a wand of acid (6)
 w - a wand of iceblast (3)
 z - a wand of enslavement (6)
 G - a wand of random effects (43)
 H - a wand of paralysis (13)
 K - a wand of disintegration (17)
 M - a wand of polymorph (27)
Scrolls
 d - 10 scrolls of remove curse
 i - 3 scrolls of fear
 j - 5 scrolls of immolation
 o - 5 scrolls of teleportation
 s - 13 scrolls of identify
 D - a scroll of fog
 I - a scroll of magic mapping
Potions
 e - a potion of invisibility
 h - 3 potions of flight
 k - 3 potions of curing
 m - 5 potions of berserk rage
 t - a potion of resistance
 x - a potion of might
Miscellaneous
 n - a crystal ball of energy
Comestibles
 c - 11 rations


   Skills:
 + Level 15.6 Fighting
 - Level 16.5(18.0) Axes
 - Level 11.3(15.1) Maces & Flails
   Level 6.2(12.5) Polearms
 + Level 13.6 Armour
 + Level 7.5 Dodging
 + Level 2.1 Stealth
 + Level 15.9 Shields
 - Level 0.3 Evocations


You had 15 spell levels left.
You didn't know any spells.

Dungeon Overview and Level Annotations

Branches:
Dungeon (15/15)            Temple (0/1) D:6            Lair (1/6) D:10
    Orc (2/2) D:9             Elf (0/3) Orc:2        Vaults (0/5) D:13
 Depths (2/5) D:15

Altars:
Ashenzari
Cheibriados
Elyvilon
Fedhas
Gozag
Nemelex Xobeh
Okawaru
Wu Jian
Zin
The Shining One
Beogh

Shops:
D:5 }   D:6 *   D:9 !   D:14 *   D:15 [   Orc:2 *(=[   Depths:1 =

Portals:
Hell: Depths:1
Abyss: Depths:1
Pandemonium: Depths:1
Trove: D:15 (give 3 potions of resistance)

Annotations:
D:14 1 runed door, exclusion: orange crystal statue


Innate Abilities, Weirdness & Mutations

You reflexively headbutt those who attack you in melee.
You have a pair of horns on your head.
You have large cloven feet.
You are partially covered in thin metallic scales. (AC +2)
You are agile. (Dex +2)
Scrolls take you a little longer to read.
Your system is resistant to poisons. (rPois)


Message History

The storm dragon tramples you but does no damage.
You barely miss the storm dragon.
The storm dragon is severely wounded.
You block the storm dragon's attack. The storm dragon barely misses you.
The storm dragon tramples you.
* * * LOW HITPOINT WARNING * * *
You stumble backwards!
The storm dragon bites you.
* * * LOW HITPOINT WARNING * * *
You block the storm dragon's attack. x2
Press: ? - help, v - describe, . - travel
Here: a storm dragon (heavily wounded, catching its breath)
The floor, spattered with blood.
Really read with blurry vision while enemies are nearby?
Okay, then.
You block the storm dragon's attack. x2; The storm dragon tramples you.
* * * LOW HITPOINT WARNING * * *
You stumble backwards!
The storm dragon breathes lightning at you.
The bolt of lightning hits you!
You die...

.....# .....#.#
.....#.# .....#.#
.....#.# .....#.#
.....#.# #
.....#.###########.#
..............D.@..#
....##.#############
#......(D(##
#########))#
######[## #.....).#
#.#####[# #.# #.##


You could see a storm dragon.

Vanquished Creatures
  A titan (Depths:1)
  A tengu reaver (Depths:2)
  2 fire giants (Depths:2)
  An orc warlord (Orc:2)
  A frost giant (Depths:2)
  7 very ugly things
  4 stone giants
  A spark wasp (shapeshifter) (Depths:2)
  Azrael (Orc:2)
  3 ettins
  An ogre mage (Depths:1)
  4 great orbs of eyes
  Erolcha (D:13)
  5 ice dragons
  A catoblepas (D:13)
  4 hydras
  3 centaur warriors
  A spriggan air mage (Depths:2)
  A deep troll shaman (Depths:2)
  9 two-headed ogres
  2 tengu warriors
  A vampire mage (Depths:2)
  Urug (D:13)
  A death yak (D:9)
  4 deep troll earth magi
  A spriggan berserker (Depths:2)
  A soul eater (Depths:1)
  6 hell knights (Depths:2)
  A sun demon (Depths:1)
  6 deep trolls
  A gelid demonspawn (Depths:1)
  A shadow demon (Depths:1)
  5 orc knights
  A wizard (Depths:1)
  A glowing orange brain (Depths:2)
  Pikel (D:9)
  22 ugly things
  2 cyclopes (D:13)
  2 orc sorcerers (Orc:2)
  3 deep elf magi
  A manticore (shapeshifter) (Depths:1)
  3 centaur zombies
  2 manticores (D:15)
  An elephant (shapeshifter) (D:15)
  Joseph (D:7)
  A gargoyle (D:10)
  2 kobold demonologists
  5 komodo dragons
  9 yaktaurs
  A tengu conjurer (Depths:2)
  3 meliai (D:15)
  A polar bear (shapeshifter) (Depths:2)
  6 trolls
  A hornet (D:9)
  17 slime creatures
  4 blink frogs (Lair:1)
  2 hippogriffs
  3 centaur simulacra
  2 shadows (D:13)
  4 basilisks
  A wraith (D:15)
  A wyvern (D:14)
  A human (shapeshifter) (Depths:1)
  6 fire elementals
  4 water elementals
  36 yaks
  6 humans (D:13)
  A neqoxec (Depths:1)
  A hungry ghost (D:7)
  13 vampire mosquitoes
  5 wargs
  4 acid dragons
  2 hell hounds (Orc:2)
  Duvessa (D:7)
  36 orc warriors
  2 water moccasins
  An ice beast (D:12)
  5 sky beasts
  A black bear (shapeshifter) (Depths:1)
  2 black bears
  3 eyes of draining
  13 centaurs
  19 ogres
  4 crocodiles
  6 bullfrogs
  A wyvern zombie (D:12)
  A water moccasin zombie (D:7)
  Dowan (D:7)
  5 scorpions
  A killer bee (D:11)
  4 howler monkeys
  5 wights (D:11)
  8 crimson imps
  3 bullfrog zombies
  3 quasits
  A bullfrog skeleton (D:7)
  5 jellies
  6 hounds
  4 iguanas
  14 orc priests
  A centaur skeleton (D:11)
  10 orc wizards
  Natasha (D:2)
  14 worker ants
  2 worker ant zombies
  4 gnolls (D:5)
  A howler monkey skeleton (D:11)
  13 adders
  4 shadow imps
  An adder zombie (D:5)
  6 oozes
  An adder skeleton (D:9)
  2 worms
  6 leopard geckos
  97 orcs
  10 giant cockroaches
  5 goblins
  6 hobgoblins
  6 jackals
  7 kobolds
  5 quokkas
  7 bats
  7 frilled lizards
  A jackal zombie (D:5)
  A leopard gecko zombie (D:5)
  6 rats
644 creatures vanquished.

Vanquished Creatures (collateral kills)
  Rupert (D:13)
  Nessos (Orc:2)
  An ice dragon (Depths:1)
  3 centaur warriors (D:13)
  2 orc knights
  An orc sorcerer (Orc:2)
  Maurice (Orc:1)
  A kobold demonologist (D:14)
  10 humans (D:13)
  A warg (D:15)
  An orc warrior (Orc:1)
  An ogre (Orc:1)
  A big kobold (D:14)
  A wyvern skeleton (D:14)
  3 orc priests (Orc:2)
  3 kobolds (D:14)
32 creatures vanquished.

Vanquished Creatures (others)
  An ogre mage (Depths:1)
  A deep troll earth mage (Depths:1)
  2 deep trolls (Depths:1)
  A necromancer (Depths:2)
  A yak (D:9)
  4 slaves (D:9)
  An ogre (Depths:1)
  A hound (D:9)
  A leopard gecko (D:9)
  A jackal (D:9)
  29 fungi (Orc:2)
  A plant (Lair:1)
44 creatures vanquished.

Grand Total: 720 creatures vanquished

Notes
Turn   | Place    | Note
-------+----------+-------------------------------------------
     0 | D:1      | t7DKbSm the Minotaur Berserker began the quest for the Orb.
     0 | D:1      | Reached XP level 1. HP: 19/19 MP: 0/0
   397 | D:1      | Reached XP level 2. HP: 27/27 MP: 1/1
   637 | D:2      | Reached skill level 4 in Axes
   760 | D:2      | Reached XP level 3. HP: 31/33 MP: 2/2
   763 | D:2      | Reached ** piety under Trog
  1119 | D:2      | Noticed Natasha
  1125 | D:2      | Killed Natasha
  1125 | D:2      | Reached XP level 4. HP: 40/40 MP: 3/3
  2043 | D:4      | Reached skill level 5 in Axes
  2092 | D:4      | Reached XP level 5. HP: 30/46 MP: 4/4
  2132 | D:4      | Reached skill level 6 in Axes
  2398 | D:4      | Reached *** piety under Trog
  2632 | D:4      | Found a shattered altar of Ashenzari.
  2685 | D:4      | Found an ornate altar of the Wu Jian Council.
  2748 | D:4      | Found a glowing golden altar of the Shining One.
  2826 | D:4      | Reached skill level 1 in Maces & Flails
  2826 | D:4      | Reached skill level 1 in Shields
  2826 | D:4      | Reached XP level 6. HP: 25/53 MP: 5/5
  2962 | D:4      | Found a sparkling altar of Nemelex Xobeh.
  3159 | D:5      | Entered Level 5 of the Dungeon
  3162 | D:5      | Found Lileu's Gadget Shop.
  4117 | D:5      | Reached XP level 7. HP: 33/60 MP: 6/6
  4190 | D:5      | Found an iron altar of Okawaru.
  4446 | D:5      | Reached skill level 5 in Fighting
  4870 | D:6      | Reached skill level 1 in Stealth
  4906 | D:6      | Found a glowing silver altar of Zin.
  4908 | D:6      | Found Hiuvud's Hallowed Reliquary.
  4910 | D:6      | Noticed an angel
  4931 | D:6      | Found a staircase to the Ecumenical Temple.
  5026 | D:6      | Reached **** piety under Trog
  5026 | D:6      | Reached XP level 8. HP: 70/70 MP: 7/7
  5107 | D:6      | Reached skill level 5 in Maces & Flails
  5666 | D:7      | Noticed Dowan
  5667 | D:7      | Noticed Duvessa
  5673 | D:7      | Killed Duvessa
  5684 | D:7      | Killed Dowan
  5886 | D:7      | Noticed Joseph
  5944 | D:7      | Killed Joseph
  5944 | D:7      | Reached skill level 5 in Armour
  5944 | D:7      | Reached skill level 5 in Dodging
  5944 | D:7      | Reached skill level 5 in Shields
  6233 | D:7      | Reached XP level 9. HP: 50/78 MP: 5/8
  6240 | D:7      | Reached skill level 1 in Polearms
  7123 | D:8      | Reached skill level 5 in Polearms
  7156 | D:8      | Reached ***** piety under Trog
  7506 | D:8      | Found a roughly hewn altar of Beogh.
  7591 | D:9      | Reached XP level 10. HP: 76/86 MP: 5/9
  7757 | D:9      | Noticed Pikel
  7784 | D:9      | Killed Pikel
  7784 | D:9      | Received a gift from Trog
  7952 | D:9      | Found a roughly hewn altar of Beogh.
  7952 | D:9      | Found a staircase to the Orcish Mines.
  7980 | Orc:1    | Entered Level 1 of the Orcish Mines
  8213 | Orc:1    | Received a gift from Trog
  8246 | Orc:1    | Noticed Maurice
  8252 | Orc:1    | Noticed an orc knight
  8276 | Orc:1    | Killed an orc knight
  8289 | Orc:1    | Killed Maurice
  8772 | Orc:1    | Found a roughly hewn altar of Beogh.
  8880 | Orc:2    | Entered Level 2 of the Orcish Mines
  8884 | Orc:2    | Noticed an orc knight
  8926 | Orc:1    | Killed an orc knight
  8926 | Orc:1    | Reached XP level 11. HP: 55/95 MP: 4/10
  8999 | Orc:2    | Noticed Azrael
  9232 | Orc:1    | Reached skill level 10 in Maces & Flails
  9596 | Orc:2    | Noticed Nessos
  9847 | Orc:2    | Noticed an orc sorcerer
  9849 | Orc:2    | Noticed an orc sorcerer
  9855 | Orc:2    | Killed an orc sorcerer
  9857 | Orc:2    | Noticed an orc knight
  9857 | Orc:2    | Killed an orc sorcerer
  9861 | Orc:2    | Noticed an orc knight
  9862 | Orc:2    | Noticed an orc knight
  9865 | Orc:2    | Killed an orc knight
  9895 | Orc:1    | Killed an orc knight
  9951 | Orc:2    | Killed an orc knight
 10061 | Orc:2    | Reached skill level 10 in Shields
 10264 | Orc:2    | Killed Azrael
 10676 | Orc:2    | Noticed an orc warlord
 10684 | Orc:2    | Noticed an orc sorcerer
 10685 | Orc:2    | Noticed a soul eater
 10696 | Orc:2    | Killed an orc sorcerer
 10701 | Orc:2    | Killed an orc warlord
 10701 | Orc:2    | Reached skill level 7 in Axes
 10701 | Orc:2    | Reached XP level 12. HP: 45/106 MP: 4/11
 10915 | Orc:2    | Found Dexzifer's Antique Weapon Boutique.
 11073 | Orc:2    | Found Untukigi's Jewellery Emporium.
 11145 | Orc:2    | Found Moihedd's General Store.
 11153 | Orc:2    | Bought a scroll of teleportation for 51 gold pieces
 11153 | Orc:2    | Bought a +0 pair of boots for 76 gold pieces
 11153 | Orc:2    | Bought a potion of heal wounds for 85 gold pieces
 11328 | Orc:2    | Killed Nessos
 11329 | Orc:2    | Found Ylunoxke's Antique Armour Shop.
 11363 | Orc:2    | Bought a pair of glowing gloves for 165 gold pieces
 11372 | Orc:2    | Found a staircase to the Elven Halls.
 11791 | D:9      | Reached skill level 8 in Axes
 11940 | D:9      | Found Nuvoon's Distillery.
 11954 | D:9      | Bought a potion of heal wounds for 75 gold pieces
 12048 | D:9      | Noticed a death yak
 12059 | D:9      | Killed a death yak
 12059 | D:9      | Reached skill level 10 in Fighting
 12412 | D:10     | Entered Level 10 of the Dungeon
 12475 | D:10     | Reached skill level 9 in Axes
 12646 | D:10     | Received a gift from Trog
 12903 | D:10     | Reached skill level 10 in Axes
 12953 | D:10     | Found a staircase to the Lair.
 12988 | Lair:1   | Entered Level 1 of the Lair of Beasts
 13072 | Lair:1   | Noticed a seven-headed hydra
 13099 | D:10     | HP: 4/107 [14-headed hydra (2)]
 13430 | D:10     | Killed an 11-headed hydra
 13430 | D:10     | Reached skill level 10 in Armour
 13462 | D:11     | Found a sparkling altar of Nemelex Xobeh.
 13606 | D:11     | Reached skill level 11 in Axes
 13658 | D:11     | Found an opulent altar of Gozag.
 13766 | D:11     | Noticed a four-headed hydra
 13772 | D:11     | Killed a one-headed hydra
 14231 | D:11     | Gained mutation: You have large cloven feet. [potion of mutation]
 14231 | D:11     | Gained mutation: You are agile. (Dex +2) [potion of mutation]
 14231 | D:11     | Gained mutation: You are partially covered in thin metallic scales. (AC +2) [potion of mutation]
 14231 | D:11     | Gained mutation: Your system is resistant to poisons. (rPois) [potion of mutation]
 14368 | D:12     | Reached XP level 13. HP: 115/115 MP: 12/12
 14399 | D:12     | Identified the Guide on the Unholy Mountains
 14475 | D:12     | Received a gift from Trog
 14839 | D:13     | Found a blossoming altar of Fedhas.
 15050 | D:13     | Noticed Rupert
 15056 | D:13     | Noticed Urug
 15059 | D:13     | Reached skill level 12 in Axes
 15115 | D:13     | Killed Rupert
 15149 | D:13     | Found a gate to the Vaults.
 15181 | D:13     | Killed Urug
 15541 | D:13     | Reached skill level 13 in Axes
 15591 | D:13     | Noticed Erolcha
 15598 | D:13     | Killed Erolcha
 16514 | D:14     | Found Otysiqawn's General Store.
 16518 | D:14     | Bought the cursed +1 battleaxe "Xinao" {speed, +Blink rF+} for 595 gold pieces
 16565 | D:14     | Reached skill level 14 in Axes
 16566 | D:14     | Found a runed door.
 16566 | D:14     | Noticed a crystal guardian
 16567 | D:14     | Noticed a fire dragon
 16569 | D:14     | Noticed a crystal guardian
 16635 | D:14     | Reached XP level 14. HP: 123/126 MP: 13/13
 17096 | D:15     | Entered Level 15 of the Dungeon
 17388 | D:15     | Found a snail-covered altar of Cheibriados.
 17390 | D:15     | Found a white marble altar of Elyvilon.
 17705 | D:15     | Found Nemag's Antique Armour Emporium.
 17716 | D:15     | Bought a shiny shield for 292 gold pieces
 17842 | D:15     | Found a portal to a secret trove of treasure.
 18213 | D:9      | Bought a potion of resistance for 150 gold pieces
 18421 | D:10     | Found an iron altar of Okawaru.
 18872 | D:15     | Reached skill level 15 in Axes
 18908 | D:15     | Found a staircase to the Depths.
 19195 | Depths:1 | Entered Level 1 of the Depths
 19198 | Depths:1 | Noticed a titan
 19209 | Depths:1 | Killed a titan
 19222 | Depths:1 | Got a smoking steel amulet
 19224 | Depths:1 | Identified the amulet of Nealaeps {Faith rPois rC+ Str-5 SInv} (You found it on level 1 of the Depths)
 19252 | Depths:1 | Found a gateway to Hell.
 19287 | Depths:1 | Noticed a stone giant
 19295 | Depths:1 | Killed a stone giant
 19322 | Depths:1 | Found Utonuerr's Jewellery Shop.
 19567 | Depths:1 | Found a one-way gate leading to the halls of Pandemonium.
 19568 | Depths:1 | Gained mutation: Scrolls take you a little longer to read. [a neqoxec]
 19609 | Depths:1 | Noticed a white very ugly thing
 19622 | Depths:1 | Noticed a white very ugly thing
 19631 | Depths:1 | Killed a white very ugly thing
 19631 | Depths:1 | Reached skill level 16 in Axes
 19631 | Depths:1 | Killed a purple very ugly thing
 19702 | Depths:1 | Found a flickering gateway to a bazaar.
 19717 | Bazaar   | Entered a bazaar
 19718 | Bazaar   | Found Emufak's Weapon Shop.
 19751 | Bazaar   | Found Gysexur's Distillery.
 19751 | Bazaar   | Found Fonkeytz's General Store.
 19780 | Bazaar   | Found Jueruc's Weapon Boutique.
 19814 | Bazaar   | Bought the +2 pair of boots "Exig" {MP+9 Str+4 Int+4} for 686 gold pieces
 19881 | Depths:1 | Found a one-way gate to the infinite horrors of the Abyss.
 19933 | Depths:1 | Reached XP level 15. HP: 105/136 MP: 14/14
 20422 | Depths:1 | Received a gift from Trog
 20488 | Depths:2 | Noticed a frost giant
 21668 | Depths:2 | Reached skill level 15 in Shields
 21751 | Depths:2 | Noticed a fire giant
 21751 | Depths:2 | Noticed a fire giant
 21777 | Depths:2 | Killed a fire giant
 21781 | Depths:2 | Killed a fire giant
 21781 | Depths:2 | Reached skill level 15 in Fighting
 21791 | Depths:2 | Killed a frost giant
 22173 | Depths:2 | Noticed a tengu reaver
 22202 | Depths:2 | Killed a tengu reaver
 22202 | Depths:2 | Reached XP level 16. HP: 87/149 MP: 15/15
 22335 | Depths:2 | Noticed a storm dragon
 22360 | Depths:2 | HP: 8/223 [storm dragon/bolt of lightning (23)]
 22378 | Depths:2 | Killed from afar by a storm dragon

Skill      XL: |  1  2  3  4  5  6  7  8  9 10 11 12 13 14 15 |
---------------+----------------------------------------------+-----
Fighting       | 4 5 6 7 8 9 10 12 13 15 | 15.6
Axes           | 4 5 6 7 11 14 16 | 16.5
Armour         | 3 4 5 7 8 9 10 11 12 13 | 13.6
Maces & Flails | 1 2 4 6 7 9 11 | 11.3
Dodging        | 3 4 5 6 7 |  7.5
Shields        | 1 2 3 5 7 9 10 11 12 14 15 | 15.9
Stealth        | 1 2 |  2.1
Polearms       | 6 |  6.2
Evocations     | |  0.3

Action                   |  1- 3 |  4- 6 |  7- 9 | 10-12 | 13-15 | 16-18 || total
-------------------------+-------+-------+-------+-------+-------+-------++-------
Melee: Hand axe          |    90 |    45 |       |    18 |       |       ||   153
       Headbutt          |     8 |    43 |    92 |   240 |   340 |    13 ||   736
       Whip              |       |   151 |   182 |   253 |       |       ||   586
       Trident           |       |       |   147 |       |       |       ||   147
       Morningstar       |       |       |    12 |   161 |       |       ||   173
       Broad axe         |       |       |       |   256 |   688 |    48 ||   992
       War axe           |       |       |       |   101 |   281 |       ||   382
Invok: Trog's Hand       |       |     1 |     5 |    11 |     8 |     1 ||    26
       Berserk           |       |     1 |     4 |     9 |     7 |     1 ||    22
       Brothers in Arms  |       |       |       |     6 |    10 |       ||    16
       Burn Spellbooks   |       |       |       |       |     1 |       ||     1
Evoke: Wand              |       |       |       |     6 |     2 |       ||     8
  Use: Scroll            |       |     4 |     3 |     9 |     7 |       ||    23
       Potion            |       |       |     2 |     9 |     5 |     1 ||    17
 Stab: Sleeping          |       |     1 |       |       |       |       ||     1
  Eat: Chunk             |       |    11 |    12 |    14 |    26 |       ||    63
       Ration            |       |       |     2 |     8 |     4 |     1 ||    15
Armor: Chain mail        |    62 |    18 |    81 |    47 |       |       ||   208
       Animal skin       |       |     9 |     3 |       |       |       ||    12
       Ring mail         |       |       |       |    55 |       |       ||    55
       Plate armour      |       |       |       |   140 |   365 |       ||   505
       Scale mail        |       |       |       |       |       |    15 ||    15
Dodge: Dodged            |    43 |    49 |   116 |   275 |   250 |    15 ||   748
Block: Shield            |       |    58 |   153 |   492 |   586 |    41 ||  1330
